 Dungeon Crawl Stone Soup version 0.22.1-1-ga44c0e56f4 (webtiles) character file.

121 MrBoozer the Cudgeler (level 5, -9/41 HPs)
             Began as a Human Berserker on Oct 5, 2018.
             Was a Believer of Trog.
             Killed from afar by an orc wizard (11 damage)
             ... with a puff of flame
             ... on level 3 of the Dungeon.
             The game lasted 00:18:06 (2416 turns).

MrBoozer the Cudgeler (Human Berserker)             Turns: 2416, Time: 00:18:07

Health: -9/41      AC:  5    Str: 18    XL:     5   Next: 26%
Magic:  5/5        EV: 11    Int: 10    God:    Trog [**....]
Gold:   179        SH:  0    Dex: 12    Spells: 4/4 levels left

rFire    . . .     SeeInvis .   o - +0 flail
rCold    . . .     Gourm    .   (no shield)
rNeg     . . .     Faith    .   h - +0 ring mail
rPois    .         Spirit   .   (no helmet)
rElec    .         Reflect  .   (no cloak)
rCorr    .         Harm     .   (no gloves)
MR       .....                  (no boots)
Stlth    +.........             (no amulet)
HPRegen  0.13/turn              i - +2 ring of intelligence
MPRegen  0.09/turn              (no ring)

@: lethally poisoned (-9 -> -11)
A: no striking features
a: Berserk, Trog's Hand, Renounce Religion


You were on level 3 of the Dungeon.
You worshipped Trog.
Trog was pleased with you.
You were hungry.

You visited 1 branch of the dungeon, and saw 3 of its levels.

You collected 179 gold pieces.

Inventory:

Hand Weapons
 a - a +0 mace
 o - a +0 flail (weapon)
Missiles
 e - 40 sling bullets
 g - 30 stones (quivered)
Armour
 h - a +0 ring mail (worn)
Jewellery
 i - a +2 ring of intelligence (left hand)
 l - a +1 ring of protection {unknown}
Wands
 f - a wand of polymorph (14)
Scrolls
 b - a scroll of magic mapping {unknown}
 j - a scroll of random uselessness {unknown}
 k - a scroll of fog {unknown}
Potions
 d - 4 potions of haste {unknown}
 m - a potion of lignification {unknown}
Comestibles
 c - 4 rations


   Skills:
 + Level 3.3 Fighting
 + Level 4.1 Maces & Flails
 * Level 3.4 Armour
 + Level 2.5 Dodging


You had 4 spell levels left.
You didn't know any spells.
Your spell library was empty.

Dungeon Overview and Level Annotations

Branches:
Dungeon (3/15)

Altars:
Kikubaaqudgha


Message History

The orc wizard hits you but does no damage.
The orc barely misses you.
You sock the orc!
You kill the orc!
Trog accepts your kill.
The orc wizard points at you and mumbles some strange words.
The magic dart hits you!
* * * LOW HITPOINT WARNING * * *
The orc hits you but does no damage.
You feel sick. The orc wizard barely misses you.
You feel sick.
The orc wizard gestures at you while chanting.
The magic dart hits you!
* * * LOW HITPOINT WARNING * * *
* * * LOW HITPOINT WARNING * * *
You feel sick.
The orc wizard gestures at you while chanting.
The puff of flame hits you!
You die...

#########.... #......##.###
#.####.##.# #.####'##.##
########## #.......<..##
#......#.. #........#..#
#.####.#.#.##........##.#
#.##.#.#.#.........o.....
#####'#<.#.#@#####...####.###
#.....).##.#.# #.o.# .....
#..........#o# #...#.......
#........###o# #...#.......
#...<....).[.#####...^..._...
#............).......#.......
#....................#.......
#....................# .....
###########>.....###.####^###


You could see an orc wizard and an orc.

Vanquished Creatures
  5 adders
  2 worms (D:2)
  2 dart slugs
  2 leopard geckos
  5 orcs (D:3)
  A giant cockroach (D:1)
  9 goblins
  4 hobgoblins
  7 jackals (D:2)
  A quokka (D:2)
  7 bats
  2 frilled lizards (D:2)
  6 kobolds
  5 rats
58 creatures vanquished.

Notes
Turn   | Place    | Note
-------+----------+-------------------------------------------
     0 | D:1      | MrBoozer the Human Berserker began the quest for the Orb.
     0 | D:1      | Reached XP level 1. HP: 18/18 MP: 1/1
   239 | D:1      | Reached XP level 2. HP: 24/24 MP: 2/2
  1023 | D:1      | Reached XP level 3. HP: 29/29 MP: 3/3
  1245 | D:2      | Reached ** piety under Trog
  1663 | D:2      | Reached XP level 4. HP: 34/35 MP: 4/4
  2184 | D:3      | Reached skill level 4 in Maces & Flails
  2184 | D:3      | Reached XP level 5. HP: 35/41 MP: 5/5
  2247 | D:3      | Found an ancient bone altar of Kikubaaqudgha.
  2416 | D:3      | HP: 2/41 [poisoned by an orc wizard]
  2416 | D:3      | Killed from afar by an orc wizard

Skill      XL: |  1  2  3  4 |
---------------+-------------+-----
Armour         | 3 |  3.4
Maces & Flails | 4 |  4.1
Fighting       | |  3.3
Dodging        | |  2.5

Action                   |  1- 3 |  4- 6 || total
-------------------------+-------+-------++-------
Melee: Mace              |   128 |    82 ||   210
       Flail             |       |    22 ||    22
Throw: Stone             |     1 |     4 ||     5
Invok: Berserk           |     2 |       ||     2
       Trog's Hand       |       |     1 ||     1
Evoke: Wand              |     1 |       ||     1
  Use: Scroll            |     4 |       ||     4
  Eat: Chunk             |     4 |     3 ||     7
Armor: Animal skin       |     1 |       ||     1
       Ring mail         |    46 |    48 ||    94
       Leather armour    |     5 |       ||     5
Dodge: Dodged            |    94 |    81 ||   175
